 Dungeon Sprint DCSS version 0.26-a0-652-gafc20e3620 (webtiles) character file.

Game seed: 15684838390106685937

5 sahdkjhfkaj the Chopper (level 1, 0/18 HPs)
             Began as a Ghoul Gladiator on Oct 1, 2020.
             Was a Follower of Makhleb.
             Slain by a river rat (4 damage)
             ... in the Dungeon (Sprint VII: "The Pits").
             The game lasted 00:00:16 (159 turns).

sahdkjhfkaj the Chopper (Ghoul Gladiator)            Turns: 159, Time: 00:00:16

Health: 0/18       AC:  4    Str: 17    XL:     1   Next: 80%
Magic:  0/0        EV: 12    Int:  3    God:    Makhleb [*.....]
Gold:   0          SH:  0    Dex: 10    Spells: 0/0 levels left

rFire    . . .     SeeInvis .   a - +0 war axe
rCold    + . .     Faith    .   (no shield)
rNeg     + + +     Spirit   .   b - +0 leather armour
rPois    ∞         Reflect  .   c - +0 helmet
rElec    .         Harm     .   (no cloak)
rCorr    .         Rampage  .   (no gloves)
MR       .....     NoTele   +   (no boots)
Stlth    +.........             (no amulet)
HPRegen  0.00/turn              (no ring)
MPRegen  0.07/turn              (no ring)

@: no status effects
A: rotting body, claws 1, cold resistance 1, negative energy resistance 3,
inhibited regeneration, torment resistance, unbreathing
a: Renounce Religion


You were in the Dungeon.
You worshipped Makhleb.
Makhleb was aware of your devotion.
You visited 1 branch

Inventory:

Hand Weapons
 a - a +0 war axe (weapon)
Missiles
 d - 3 throwing nets (quivered)
Armour
 b - a +0 leather armour (worn)
 c - a +0 helmet (worn)
Scrolls
 i - a scroll of blinking
 k - 3 scrolls of remove curse
 l - 5 scrolls of amnesia
 m - a scroll of summoning
 n - 2 scrolls of vulnerability
Potions
 e - a potion of curing
 f - a potion of heal wounds
 g - a potion of haste
 h - 4 potions of magic
 j - 2 potions of invisibility


   Skills:
 + Level 2.8 Fighting
 * Level 3.3 Axes
 - Level 1.7 Throwing
 + Level 1.0 Armour
 + Level 3.0 Dodging


You couldn't memorise any spells.
You didn't know any spells.
Your spell library was empty.

Dungeon Overview and Level Annotations

Branches:
Dungeon (1/1)

Altars:
Ashenzari
Cheibriados
Dithmenos
Elyvilon
Fedhas
Gozag
Hepliaklqana
Kikubaaqudgha
Makhleb
Nemelex Xobeh
Okawaru
Qazlal
Ru
Sif Muna
Trog
Uskayaw
Vehumet
Wu Jian
Xom
Yredelemnul
Zin
The Shining One
Beogh
Jiyva
Lugonu


Innate Abilities, Weirdness & Mutations

Your body is rotting away.
You thrive by killing the living.
You are immune to poison.
You have sharp fingernails.
Your flesh is cold resistant. (rC+)
You are immune to negative energy. (rN+++)
You do not regenerate when monsters are visible.
You are immune to unholy pain and torment.
You can survive without breathing.


Message History

You hit the river rat but do no damage.
The river rat is almost dead.
The river rat bites you.
Unknown command.
You are too injured to fight recklessly!
Unknown command.
You are too injured to fight recklessly!
Unknown command.
You are too injured to fight recklessly!
Unknown command.
You are too injured to fight recklessly!
You closely miss the river rat.
The river rat is almost dead.
The river rat bites you.
* * * LOW HITPOINT WARNING * * *
The river rat closely misses you.
You barely miss the river rat.
The river rat is almost dead.
The river rat bites you.
You die...

##########'##...........
#..(!')))'.##......#..#.
##########.##...........
#...........'...........
#+#####'#####......#..#.
#.††..##...........
#####'#####'#####++
#....†##.......#
#...r@##.......#
###+####.......#
#...<...# #.......#
#.......# #.......#
#########


You could see a river rat.

Vanquished Creatures
  A leopard gecko (D)
  A bat (D)
  A quokka (D)
  A ball python (D)
4 creatures vanquished.

Notes
Turn   | Place    | Note
-------+----------+-------------------------------------------
     0 | D        | sahdkjhfkaj the Ghoul Gladiator began the quest for the
                  | Orb.
     0 | D        | Reached XP level 1. HP: 17/17 MP: 0/0
    82 | D        | Found a bloodstained altar of Trog.
    82 | D        | Found a shimmering blue altar of Sif Muna.
    82 | D        | Found a viscous altar of Jiyva.
    82 | D        | Found a hazy altar of Hepliaklqana.
    82 | D        | Found an opulent altar of Gozag.
    83 | D        | Found a glowing golden altar of the Shining One.
    83 | D        | Found a glowing silver altar of Zin.
    83 | D        | Found a basalt altar of Yredelemnul.
    83 | D        | Found a shimmering altar of Xom.
    83 | D        | Found an ornate altar of the Wu Jian Council.
    83 | D        | Found a sacrificial altar of Ru.
    83 | D        | Found a stormy altar of Qazlal.
    83 | D        | Found an iron altar of Okawaru.
    83 | D        | Found a sparkling altar of Nemelex Xobeh.
    83 | D        | Found a burning altar of Makhleb.
    83 | D        | Found a blossoming altar of Fedhas.
    83 | D        | Found a white marble altar of Elyvilon.
    83 | D        | Found a shadowy altar of Dithmenos.
    83 | D        | Found a snail-covered altar of Cheibriados.
    84 | D        | Found a radiant altar of Vehumet.
    84 | D        | Found a corrupted altar of Lugonu.
    84 | D        | Found a roughly hewn altar of Beogh.
    85 | D        | Found a hide-covered altar of Uskayaw.
    85 | D        | Found an ancient bone altar of Kikubaaqudgha.
    85 | D        | Found a broken altar of Ashenzari.
    91 | D        | Became a worshipper of Makhleb the Destroyer
   156 | D        | Reached * piety under Makhleb
   156 | D        | Reached skill level 1 in Armour
   159 | D        | Slain by a river rat

Illustrated notes

Levels and vault maps discovered:
D:        pitsprint [storerooms_1, entrance_room_1, metal_vault_4, armoury_3,
          mini_pit_1, grid_room_1, main_hall_1, silver_pit, the_coven_1,
          the_vestibule_1, steel_vault_3, golden_pit, hallway_of_sentries,
          crystal_vault_4, iron_vault_1, final_vault]

Skill      XL: |  1 |
---------------+----+-----
Axes           | 3 |  3.3
Dodging        | 3 |  3.0
Armour         | 1 |  1.0
Fighting       | |  2.8
Throwing       | |  1.7

Action                   || total
-------------------------++-------
Melee: War axe           ||    15
Armor: Leather armour    ||     4
Dodge: Dodged            ||    23

Table legend: (Time is in decaauts)
 A = Elapsed time spent in this place.
 B = Non-inter-level travel time spent in this place.
 C = Inter-level travel time spent in this place.
 D = Time resting spent in this place.
 E = Time spent auto-exploring this place.
 F = Levels seen in this place.
 G = Mean time per level.
                   A        B        C        D        E       F      G
               +--------+--------+--------+--------+--------+-----+--------+
         Total |    164 |    164 |      0 |     80 |      0 |   1 |  164.0 |
       Dungeon |    164 |    164 |      0 |     80 |      0 |   1 |  164.0 |
               +--------+--------+--------+--------+--------+-----+--------+

Top non-repeatable levels by time:
       D: 164 daAuts
